 Dungeon Crawl Stone Soup version 0.18-a0-1078-gebb93d0 (webtiles) character file.

688 gorblad the Ducker (level 7, -9/72 HPs)
             Began as an Ogre Berserker on Jan 14, 2016.
             Was a Priest of Trog.
             Mangled by an orc
             ... wielding a +0 flail
              (13 damage)
             ... on level 4 of the Dungeon.
             The game lasted 00:08:59 (4837 turns).

gorblad the Ducker (Ogre Berserker)                 Turns: 4837, Time: 00:08:59

Health: -9/72      AC:  4    Str: 25    XL:     7   Next: 62%
Magic:  7/7        EV: 11    Int:  6    God:    Trog [***...]
Gold:   170        SH:  0    Dex:  7    Spells: 0 memorised, 6 levels left

rFire  . . .     SeeInvis .     j - +0 giant spiked club
rCold  . . .     Gourm    .     b - +1 animal skin
rNeg   . . .     Faith    .     (shield currently unavailable)
rPois  .         Spirit   .     (helmet restricted)
rElec  .         Dismiss  .     (no cloak)
rCorr  .         Reflect  .     (gloves unavailable)
SustAt .         Harm     .     (boots unavailable)
MR     .....                    (no amulet)
Stlth  +.........               m - -2 ring of dexterity
                                e - ring of flight

@: flying, not resistant to hostile enchantments, very unstealthy
A: unfitting armour, tough skin 1
a: Berserk, Trog's Hand, Burn Spellbooks, Renounce Religion


You were on level 4 of the Dungeon.
You worshipped Trog.
Trog was most pleased with you.
You were not hungry.

You visited 1 branch of the dungeon, and saw 4 of its levels.

You collected 170 gold pieces.

Inventory:

Hand Weapons
 a - a +1 mace
 j - a +0 giant spiked club (weapon)
Armour
 b - a +1 animal skin (worn)
Jewellery
 e - a ring of flight (left hand)
 m - a -2 ring of dexterity (right hand)
Scrolls
 h - a scroll of enchant weapon
Comestibles
 c - 3 bread rations
 g - 3 meat rations
 i - a chunk of flesh
 t - a beef jerky


   Skills:
 + Level 5.1 Fighting
 + Level 5.0 Maces & Flails
 - Level 7.3 Dodging


You had 6 spell levels left.
You didn't know any spells.

Dungeon Overview and Level Annotations

Branches:
Dungeon (4/15)
 Temple: D:4-7

Altars:
Dithmenos
Fedhas
Nemelex Xobeh
Okawaru
Pakellas
Vehumet
Yredelemnul


Innate Abilities, Weirdness & Mutations

You are too large for most types of armour.
You have tough skin (AC +1).


Message History

You're too confused!
Drink which item? (? for menu, Esc to quit)
Okay, then.
You're too confused!
Drink which item? (? for menu, Esc to quit)
It was a potion of magic.
Magic courses through your body. Something hits you but does no damage.
The orc misses you.
The orc throws a stone.
Reactivating autopickup.
Your Maces & Flails skill increases to level 5!
You feel a bit more experienced.
Drink which item? (? for menu, Esc to quit)
It was a potion of flight.
You feel very buoyant.
You fly up into the air.
The orc closely misses you.
You completely miss the orc. The orc misses you. The orc barely misses you. x2
You feel less confused.
You barely miss the orc.
The orc throws a stone.
The stone barely misses you.
You closely miss the orc. The orc hits you with a flail!
You die...

#.# #.# #.# #.†.....#
#.###.########.#####.....#
######.##........<............##
............###..##.######.##..#
.......##...###.(##.######.###.#
#########.......(##.#......# #.#
#..#####.##.#.###### #..
##.#####.####### ##.# ##....o@(#
#8# .# ######o###8.$. .#
#)o##.... .# #(.#_.... .#
#)###.... ...##8... .#### ##8#
'. # .'


You could see 3 orcs.

Vanquished Creatures
  The ghost of xgamer67 the Stinger, an amateur OpVM (D:3)
  A black bear (D:4)
  An ogre (D:4)
  4 hounds (D:4)
  A worker ant (D:4)
  A hound skeleton (D:4)
  Robin (D:3)
  4 gnolls (D:3)
  7 adders
  2 oozes
  An adder skeleton (D:3)
  2 worms
  2 giant geckos
  2 orcs (D:4)
  2 ball pythons
  6 bats
  3 giant cockroaches
  2 gnoll zombies (D:2)
  22 goblins
  12 hobgoblins
  3 jackals (D:3)
  6 kobolds
  4 quokkas
  3 giant newts
  A jackal skeleton (D:4)
  3 rats (D:2)
97 creatures vanquished.

Vanquished Creatures (others)
  An orc wizard (D:4)
  2 giant geckos (D:2)
  An orc (D:4)
  A kobold (D:2)
5 creatures vanquished.

Grand Total: 102 creatures vanquished

Notes
Turn   | Place    | Note
--------------------------------------------------------------
     0 | D:1      | gorblad the Ogre Berserker began the quest for the Orb.
     0 | D:1      | Reached XP level 1. HP: 24/24 MP: 1/1
   213 | D:1      | Reached XP level 2. HP: 30/32 MP: 2/2
   851 | D:2      | Reached XP level 3. HP: 20/39 MP: 3/3
  1024 | D:2      | Found a blossoming altar of Fedhas.
  1620 | D:2      | Reached ** piety under Trog
  1620 | D:2      | Reached XP level 4. HP: 11/48 MP: 4/4
  1925 | D:2      | Found a basalt altar of Yredelemnul.
  2110 | D:2      | Found a radiant altar of Vehumet.
  2782 | D:3      | Reached skill level 5 in Dodging
  2785 | D:3      | Reached XP level 5. HP: 54/54 MP: 5/5
  3125 | D:3      | Noticed Robin
  3136 | D:3      | Reached *** piety under Trog
  3142 | D:3      | Killed Robin
  3224 | D:3      | Noticed xgamer67's ghost (amateur OpVM)
  3257 | D:3      | Killed xgamer67's ghost
  3257 | D:3      | Reached skill level 6 in Dodging
  3257 | D:3      | Reached XP level 6. HP: 8/62 MP: 6/6
  3721 | D:3      | Found a sparkling altar of Nemelex Xobeh.
  3951 | D:4      | Found a shadowy altar of Dithmenos.
  4206 | D:4      | Reached skill level 7 in Dodging
  4206 | D:4      | Reached XP level 7. HP: 25/70 MP: 7/7
  4451 | D:4      | Found an oddly glowing altar of Pakellas.
  4787 | D:4      | Found an iron altar of Okawaru.
  4815 | D:4      | Reached skill level 5 in Fighting
  4831 | D:4      | HP: 3/72 [something/puff of flame (5)]
  4832 | D:4      | Reached skill level 5 in Maces & Flails
  4837 | D:4      | Mangled by an orc

Vault maps used:
D:1:      ncdulo_halloftheorcs, minmay_misc_feat_rows
D:2:      lemuel_zombie_altar_yredelemnul, old_standard_altar,
          fiery_altar_vehumet, grunt_ministairs_7
D:3:      nemelex_xobeh_ov_fountains_minmay, minmay_misc_feat_enclosed,
          uniq_robin
D:4:      nicolae_overflow_crystal_walls,
          nicolae_dithmenos_through_a_glass_darkly,
          nicolae_overflow_hidden_temple, elyvilon_altar_3, first_bread,
          kennysheep_cluttered_room

Action                   |  1- 3 |  4- 6 |  7- 9 || total
-------------------------+-------+-------+-------++-------
Melee: Mace              |    98 |   232 |       ||   330
       Giant spiked club |       |       |    41 ||    41
Invok: Berserk           |       |     3 |     1 ||     4
  Use: Potion            |     1 |     6 |     4 ||    11
       Scroll            |       |    11 |     2 ||    13
 Stab: Sleeping          |       |     1 |       ||     1
  Eat: Chunk             |     2 |    12 |     3 ||    17
